TOP OF THE 1ST |
Richmond Flairs batting - Pitching for Allentown Hillbillies : LHP Robert Trent
|
Pitching: LHP Robert Trent
|
|
Batting: RHB Lonson Seals
|
0-0: Foul Ball, location: 2F 0-1: Ball 1-1: Ball 2-1: Swinging Strike 2-2: Foul Ball, location: 2F 2-2: Ball 3-2: Fly out, F4 (Popup, 4)
|
Batting: RHB Iván De Jesús
|
0-0: Ball 1-0: Ball 2-0: Ground out 5-3 (Groundball, 56S)
|
Batting: LHB Luis Villa
|
0-0: Ball 1-0: Ball 2-0: Fly out, F6 (Popup, 6M)
|
Top of the 1st over - 0 runs, 0 hits, 0 errors, 0 left on base; Richmond 0 - Allentown 0 |
BOTTOM OF THE 1ST |
Allentown Hillbillies batting - Pitching for Richmond Flairs : RHP Jack Walker
|
Pitching: RHP Jack Walker
|
|
Batting: LHB Júlio Lorenzo
|
0-0: Ball 1-0: Ball 2-0: Called Strike 2-1: Ball 3-1: Base on Balls
|
Batting: SHB Travis Martin
|
0-0: Grounds into double play, 6-4-3 (Groundball, 6)
|
Batting: RHB Donald Sanford
|
0-0: Ball 1-0: Foul Ball, location: 2F 1-1: Foul Ball, location: 2F 1-2: Ball 2-2: SOLO HOME RUN (Flyball, 7D), Distance : 360 ft
|
Batting: LHB Ryan Flynn
|
0-0: Ball 1-0: Foul Ball, location: 2F 1-1: Ball 2-1: Foul Ball, location: 2F 2-2: Ball 3-2: Strikes out swinging
|
Bottom of the 1st over - 1 run, 1 hit, 0 errors, 0 left on base; Richmond 0 - Allentown 1 |
TOP OF THE 2ND |
Richmond Flairs batting - Pitching for Allentown Hillbillies : LHP Robert Trent
|
Batting: LHB Sean Nicks
|
0-0: Foul Ball, location: 2F 0-1: Called Strike 0-2: Ball 1-2: Strikes out swinging
|
Batting: SHB Adrián Miranda
|
0-0: Ground out 1-3 (Groundball, 15S)
|
Batting: LHB Roland Jones
|
0-0: SINGLE (Groundball, 56D)
|
Batting: RHB Alejandro Ramos
|
0-0: Ball 1-0: Ball 2-0: DOUBLE (Line Drive, 89D) Roland Jones to third Runner from 3rd tries for Home, SAFE, no throw
|
Batting: RHB Christian Hudson
|
0-0: Foul Ball, location: 2F 0-1: Ball 1-1: Ball 2-1: Ground out 5-3 (Groundball, 5)
|
Top of the 2nd over - 1 run, 2 hits, 0 errors, 1 left on base; Richmond 1 - Allentown 1 |
BOTTOM OF THE 2ND |
Allentown Hillbillies batting - Pitching for Richmond Flairs : RHP Jack Walker
|
Batting: RHB Diego Rivera
|
0-0: Called Strike 0-1: Ball 1-1: Ball 2-1: Fly out, F7 (Flyball, 7S)
|
Batting: RHB Von Ford
|
0-0: Ball 1-0: Foul Ball, location: 2F 1-1: Called Strike 1-2: Fly out, F8 (Flyball, 8LM)
|
Batting: RHB Germano Labrego
|
0-0: Called Strike 0-1: Ball 1-1: Ball 2-1: SINGLE (Line Drive, 56)
|
Batting: RHB Robert Bly
|
0-0: Swinging Strike 0-1: Ball 1-1: Ball 2-1: SINGLE (Line Drive, 56) Germano Labrego to second
|
Batting: RHB António Yánez
|
0-0: Ball 1-0: Called Strike 1-1: Fielders Choice at 2nd, 5-4 (Groundball, 5)
|
Bottom of the 2nd over - 0 runs, 2 hits, 0 errors, 2 left on base; Richmond 1 - Allentown 1 |
TOP OF THE 3RD |
Richmond Flairs batting - Pitching for Allentown Hillbillies : LHP Robert Trent
|
Batting: SHB Jeremy Holmes
|
0-0: Ball 1-0: Called Strike 1-1: Ball 2-1: Ground out 5-3 (Groundball, 56S)
|
Batting: RHB Lonson Seals
|
0-0: Foul Ball, location: 2F 0-1: Ball 1-1: Ball 2-1: Ball 3-1: Base on Balls
|
Batting: RHB Iván De Jesús
|
0-0: Ball 1-0: Foul Ball, location: 2F 1-1: Ball 2-1: Called Strike 2-2: DOUBLE (Line Drive, 89D) Lonson Seals to third Runner from 3rd tries for Home, SAFE, throw made at trailing runner, OUT at third!
|
Batting: LHB Luis Villa
|
0-0: Ball 1-0: Foul Ball, location: 2F 1-1: Ground out 5-3 (Groundball, 56)
|
Top of the 3rd over - 1 run, 1 hit, 0 errors, 0 left on base; Richmond 2 - Allentown 1 |
BOTTOM OF THE 3RD |
Allentown Hillbillies batting - Pitching for Richmond Flairs : RHP Jack Walker
|
Batting: LHB Júlio Lorenzo
|
0-0: Ball
|
|
|
|
1-0: Called Strike 1-1: Foul Ball, location: 2F 1-2: Foul Ball, location: 2F 1-2: Foul Ball, location: 2F 1-2: Foul Ball, location: 2F 1-2: Ball 2-2: Foul Ball, location: 2F 2-2: Ball 3-2: Foul Ball, location: 2F 3-2: SOLO HOME RUN (Flyball, 89XD), Distance : 391 ft
|
Batting: SHB Travis Martin
|
0-0: Ball 1-0: Foul Ball, location: 2F 1-1: Ground out 4-3 (Groundball, 34D)
|
Batting: RHB Donald Sanford
|
0-0: Ground out 6-3 (Groundball, 6)
|
Batting: LHB Ryan Flynn
|
0-0: Called Strike 0-1: Ball 1-1: Ball 2-1: SINGLE (Flyball, 8LS)
|
Batting: RHB Diego Rivera
|
0-0: Called Strike 0-1: Ball 1-1: Ball 2-1: Fly out, F9 (Flyball, 9S)
|
Bottom of the 3rd over - 1 run, 2 hits, 0 errors, 1 left on base; Richmond 2 - Allentown 2 |
TOP OF THE 4TH |
Richmond Flairs batting - Pitching for Allentown Hillbillies : LHP Robert Trent
|
Batting: LHB Sean Nicks
|
0-0: Ball 1-0: Called Strike 1-1: Ball 2-1: Fly out, F7 (Flyball, 78M)
|
Batting: SHB Adrián Miranda
|
0-0: Ball 1-0: Ball 2-0: Fly out, F8 (Flyball, 8RD)
|
Batting: LHB Roland Jones
|
0-0: Called Strike 0-1: Swinging Strike 0-2: Ball 1-2: Fly out, F9 (Flyball, 9D)
|
Top of the 4th over - 0 runs, 0 hits, 0 errors, 0 left on base; Richmond 2 - Allentown 2 |
BOTTOM OF THE 4TH |
Allentown Hillbillies batting - Pitching for Richmond Flairs : RHP Jack Walker
|
Batting: RHB Von Ford
|
0-0: Ground out 1-3 (Groundball, 13S)
|
Batting: RHB Germano Labrego
|
0-0: Swinging Strike 0-1: Foul Ball, location: 2F 0-2: Ball 1-2: Strikes out swinging
|
Batting: RHB Robert Bly
|
0-0: Swinging Strike 0-1: Called Strike 0-2: SINGLE (Line Drive, 6MD)
|
Batting: RHB António Yánez
|
0-0: Called Strike 0-1: Fielders Choice at 2nd, U4 (Groundball, 4M)
|
Bottom of the 4th over - 0 runs, 1 hit, 0 errors, 1 left on base; Richmond 2 - Allentown 2 |
TOP OF THE 5TH |
Richmond Flairs batting - Pitching for Allentown Hillbillies : LHP Robert Trent
|
Batting: RHB Alejandro Ramos
|
0-0: Ball 1-0: Ball 2-0: Ball 3-0: Called Strike 3-1: Base on Balls
|
Batting: RHB Christian Hudson
|
0-0: Ball 1-0: Called Strike 1-1: Ball 2-1: Called Strike 2-2: Strikes out swinging
|
Batting: SHB Jeremy Holmes
|
0-0: Fly out, F8 (Flyball, 8LM)
|
Batting: RHB Lonson Seals
|
0-0: Ball 1-0: Swinging Strike 1-1: Fly out, F9 (Flyball, 9LD)
|
Top of the 5th over - 0 runs, 0 hits, 0 errors, 1 left on base; Richmond 2 - Allentown 2 |
BOTTOM OF THE 5TH |
Allentown Hillbillies batting - Pitching for Richmond Flairs : RHP Jack Walker
|
Batting: LHB Júlio Lorenzo
|
0-0: Ground out 3-1 (Groundball, 34)
|
Batting: SHB Travis Martin
|
0-0: Ground out 4-3 (Groundball, 34)
|
Batting: RHB Donald Sanford
|
0-0: Ball 1-0: Foul Ball, location: 2F 1-1: Foul Ball, location: 2F 1-2: Foul Ball, location: 2F 1-2: Ball 2-2: Foul Ball, location: 2F 2-2: SINGLE (Groundball, 56D)
|
Pitching: LHP Orlando Díaz
|
|
Batting: LHB Ryan Flynn
|
0-0: Ball 1-0: Called Strike 1-1: Fly out, F7 (Flyball, 7D)
|
Bottom of the 5th over - 0 runs, 1 hit, 0 errors, 1 left on base; Richmond 2 - Allentown 2 |
TOP OF THE 6TH |
Richmond Flairs batting - Pitching for Allentown Hillbillies : LHP Robert Trent
|
Batting: RHB Iván De Jesús
|
0-0: Called Strike 0-1: Foul Ball, location: 2F 0-2: Ground out 1-3 (Groundball, P)
|
Batting: LHB Luis Villa
|
0-0: Called Strike 0-1: Ground out 5-3 (Groundball, 5)
|
Batting: LHB Sean Nicks
|
0-0: Foul Ball, location: 2F 0-1: Called Strike 0-2: Foul Ball, location: 2F 0-2: Fly out, F8 (Flyball, 8RM)
|
Top of the 6th over - 0 runs, 0 hits, 0 errors, 0 left on base; Richmond 2 - Allentown 2 |
BOTTOM OF THE 6TH |
Allentown Hillbillies batting - Pitching for Richmond Flairs : LHP Orlando Díaz
|
Batting: RHB Diego Rivera
|
0-0: Ball 1-0: Ball 2-0: Foul Ball, location: 2F 2-1: Swinging Strike 2-2: Foul Ball, location: 2F 2-2: Strikes out looking
|
Batting: RHB Von Ford
|
0-0: Ball 1-0: Fly out, F6 (Popup, 6)
|
Batting: RHB Germano Labrego
|
0-0: Ball 1-0: Ball 2-0: Ball 3-0: Base on Balls
|
Pitching: RHP Sandro Gonzáles
|
|
Batting: RHB Robert Bly
|
0-0: Ball 1-0: Called Strike 1-1: Fly out, F8 (Flyball, 8LM)
|
Bottom of the 6th over - 0 runs, 0 hits, 0 errors, 1 left on base; Richmond 2 - Allentown 2 |
TOP OF THE 7TH |
Richmond Flairs batting - Pitching for Allentown Hillbillies : LHP Robert Trent
|
Batting: SHB Adrián Miranda
|
0-0: Swinging Strike 0-1: Called Strike 0-2: Ball 1-2: Ball 2-2: Ground out 5-3 (Groundball, 56D)
|
Pinch Hitting: RHB Guo-xiu Hsueh
|
0-0: Foul Ball, location: 2F 0-1: SINGLE (Flyball, 7S)
|
Pitching: LHP Dan Rogers
|
|
Batting: RHB Alejandro Ramos
|
0-0: Grounds into double play, 4-6-3 (Groundball, 34)
|
Top of the 7th over - 0 runs, 1 hit, 0 errors, 0 left on base; Richmond 2 - Allentown 2 |
BOTTOM OF THE 7TH |
Allentown Hillbillies batting - Pitching for Richmond Flairs : RHP Sandro Gonzáles
|
Now in LF: Joe Courtier
|
|
Batting: RHB António Yánez
|
0-0: Ball 1-0: Ball 2-0: Swinging Strike 2-1: Called Strike 2-2: Ball 3-2: Base on Balls
|
Batting: LHB Júlio Lorenzo
|
0-0: Ball 1-0: Fly out, F4 (Line Drive, 4MD)
|
Batting: SHB Travis Martin
|
0-0: Foul Ball, location: 2F 0-1: Ball 1-1: Ball 2-1: Fly out, F6 (Line Drive, 6M)
|
Pitching: LHP José Morán
|
|
Batting: RHB Donald Sanford
|
0-0: Foul Ball, location: 2F 0-1: Ball 1-1: Swinging Strike 1-2: Ball 2-2: Ball 3-2: Foul Ball, location: 2F 3-2: Foul Ball, location: 2F 3-2: Fly out, F7 (Flyball, 7LD)
|
Bottom of the 7th over - 0 runs, 0 hits, 0 errors, 1 left on base; Richmond 2 - Allentown 2 |
TOP OF THE 8TH |
Richmond Flairs batting - Pitching for Allentown Hillbillies : LHP Dan Rogers
|
Batting: RHB Christian Hudson
|
0-0: Ball 1-0: Called Strike 1-1: Ball 2-1: Foul Ball, location: 2F 2-2: Strikes out swinging
|
Pinch Hitting: RHB Liangde Que
|
0-0: Ball 1-0: Swinging Strike 1-1: Swinging Strike 1-2: Strikes out swinging
|
Batting: RHB Lonson Seals
|
0-0: Ball 1-0: Ball 2-0: Ball 3-0: Foul Ball, location: 2F 3-1: Base on Balls
|
Batting: RHB Iván De Jesús
|
0-0: Called Strike 0-1: Ball 1-1: Ball 2-1: Called Strike 2-2: Foul Ball, location: 2F 2-2: Foul Ball, location: 2F 2-2: Strikes out swinging
|
Top of the 8th over - 0 runs, 0 hits, 0 errors, 1 left on base; Richmond 2 - Allentown 2 |
BOTTOM OF THE 8TH |
Allentown Hillbillies batting - Pitching for Richmond Flairs : LHP José Morán
|
Now at 3B: Liangde Que
|
|
Pinch Hitting: RHB Albert Lutz
|
0-0: Ball 1-0: SOLO HOME RUN (Flyball, 7LD), Distance : 373 ft
|
Batting: RHB Diego Rivera
|
0-0: SOLO HOME RUN (Flyball, 78XD), Distance : 391 ft
|
Pitching: RHP Frank Martin
|
|
Batting: RHB Von Ford
|
0-0: Foul Ball, location: 2F 0-1: Ball 1-1: Ground out 6-3 (Groundball, 6)
|
Batting: RHB Germano Labrego
|
0-0: Ball 1-0: Fly out, F7 (Flyball, 7)
|
Batting: RHB Robert Bly
|
0-0: Ball 1-0: Foul Ball, location: 2F 1-1: Ball 2-1: Foul Ball, location: 2F 2-2: Strikes out swinging
|
Bottom of the 8th over - 2 runs, 2 hits, 0 errors, 0 left on base; Richmond 2 - Allentown 4 |
TOP OF THE 9TH |
Richmond Flairs batting - Pitching for Allentown Hillbillies : LHP Dan Rogers
|
Pitching: RHP Dale Downs
|
|
Now in RF: António Salazar
|
|
Batting: LHB Luis Villa
|
0-0: Ball 1-0: Ball 2-0: Ball 3-0: Base on Balls
|
Batting: LHB Sean Nicks
|
0-0: Ball 1-0: Ball 2-0: Ball 3-0: Base on Balls Luis Villa to second
|
Batting: SHB Adrián Miranda
|
0-0: Ball 1-0: Ball 2-0: Called Strike 2-1: Foul Ball, location: 2F 2-2: Ball 3-2: Foul Ball, location: 2F 3-2: Strikes out swinging
|
Pinch Hitting: RHB Jack Ray
|
0-0: Ball 1-0: Ball 2-0: Called Strike 2-1: Ball Luis Villa is caught stealing 3rd base 3-1: SINGLE (Groundball, 4D) Sean Nicks to second
|
Pinch Hitting: LHB R.J. Courtney
|
0-0: Foul Ball, location: 2F 0-1: SINGLE (Flyball, 9LM) Sean Nicks to third Jack Ray to second
|
Batting: RHB Christian Hudson
|
0-0: Foul Ball, location: 2F 0-1: Ball 1-1: Swinging Strike 1-2: Strikes out swinging
|
Top of the 9th over - 0 runs, 2 hits, 0 errors, 3 left on base; Richmond 2 - Allentown 4 |
|
Saturday, April 7th, 2018 - OOTP Baseball 18.8 Build 76
|
|